AoeStats
← KingHennesVIII

Black Forest

504495321Analyzed
1v1 RM · 27d ago on Sep 5, 2026· 43m 31s· 2 players
Game mode
Random Map
Map size
Tiny (2 player)
Population
200
Speed
Normal
Resources
Standard
Victory
Conquest
Starting age
Dark Age
Ending age
Imperial Age
RankedLock teamsTeams togetherTeam positionsShared explorationLock speedFull tech treeHidden civsTurbo modeCheats
Victory
Defeat
🇫🇮 Burgundians · Finland
863
+15
🇩🇪 Spanish · Germany
852
-41
KingHennesVIII
17:28 Feudal Age
15:44 Loom
19:05 Horse Collar
20:02 Double-Bit Axe
28:10 Castle Age
29:00 Wheelbarrow
28:10 Town Watch
29:48 Bow Saw
29:25 Pikeman
33:32 Hand Cart
35:41 Heavy Plow
36:49 Stone Mining
36:53 Gold Mining
38:25 Squires
41:45 Imperial Age
42:14 Stone Shaft Mining
41:49 Halberdier
Partapontsopoliisi
13:05 Feudal Age
12:39 Double-Bit Axe
12:37 Horse Collar
14:05 Loom
17:03 Castle Age
15:45 Bow Saw
21:18 Heavy Plow
22:06 Wheelbarrow
22:35 Gold Mining
22:36 Stone Mining
22:44 Stone Mining
24:39 Hand Cart
25:08 Devotion
25:53 Town Watch
28:44 Gold Shaft Mining
28:44 Stone Shaft Mining
28:36 Masonry
28:38 Fortified Wall
28:52 Ballistics
30:08 Two-Man Saw
32:40 Ballistics
32:39 Forging
32:35 Scale Barding Armor
32:31 Scale Mail Armor
35:24 Imperial Age
33:16 Fletching
34:01 Iron Casting
34:31 Husbandry
33:53 Cavalier
34:59 Chain Barding Armor
34:41 Bodkin Arrow
36:18 Crop Rotation
36:26 Chain Mail Armor
37:49 Paladin
40:42 Architecture
40:52 Hoardings
41:28 Chemistry
42:04 Plate Barding Armor
42:29 Blast Furnace
42:01 Plate Mail Armor
41:32 Bracer
Connection lost

Rejoining the realm…

Still unreachable

The connection could not be restored.

Session expired

The server has moved on; the page needs a fresh start.